AoeStats
← Mito

Black Forest

505324282Analyzed
3v3 RM · 24d ago on Sep 8, 2026· 26m 21s· 6 players
Game mode
Random Map
Map size
Normal (6 player)
Population
200
Speed
Normal
Resources
Standard
Victory
Conquest
Starting age
Dark Age
Ending age
Imperial Age
RankedLock teamsTeams togetherTeam positionsShared explorationLock speedFull tech treeHidden civsTurbo modeCheats
Victory
Defeat
🇹🇷 Koreans · Türkiye
1025
+16
🇹🇷 Cumans · Türkiye
1017
+17
🇹🇷 Celts · Türkiye
915
+20
🇨🇴 Vietnamese · Colombia
1060
-19
🇩🇪 Britons · Germany
1038
-18
🇵🇱 Saracens · Poland
991
-16
nigel
0:30 Loom
11:52 Feudal Age
12:36 Double-Bit Axe
12:45 Gold Mining
19:13 Castle Age
18:42 Fletching
18:59 Horse Collar
21:42 Wheelbarrow
21:17 Bodkin Arrow
20:45 Crossbowman
24:20 Padded Archer Armor
25:20 Bow Saw
25:54 Ballistics
Cayo
2:54 Loom
15:21 Feudal Age
15:49 Double-Bit Axe
15:46 Horse Collar
20:54 Castle Age
23:39 Stone Mining
Tutmosis
1:05 Loom
11:37 Feudal Age
15:37 Castle Age
14:01 Double-Bit Axe
15:30 Gold Mining
20:24 Wheelbarrow
22:28 Bow Saw
22:55 Hand Cart
Hakim
9:14 Loom
11:55 Feudal Age
13:38 Double-Bit Axe
16:02 Fletching
AXRINN
9:33 Loom
12:25 Feudal Age
14:21 Bloodlines
14:06 Horse Collar
14:48 Double-Bit Axe
15:36 Forging
15:31 Scale Barding Armor
Mito
11:52 Feudal Age
12:11 Loom
12:26 Double-Bit Axe
16:28 Horse Collar
19:14 Wheelbarrow
22:30 Castle Age
21:52 Forging
21:44 Scale Mail Armor
22:06 Stone Mining
22:06 Gold Mining
23:57 Elite Skirmisher
26:01 Man-at-Arms
26:28 Gambesons
Connection lost

Rejoining the realm…

Still unreachable

The connection could not be restored.

Session expired

The server has moved on; the page needs a fresh start.